 Dungeon Crawl Stone Soup version 0.27.1-2-g3b301248ec (webtiles) character file.

Game seed: 2654061445902712838

106 CuBeRJAN3 the Magician (level 4, 0/25 HPs)
             Began as a Deep Elf Fire Elementalist on Oct 5, 2021.
             Slain by a goblin (5 damage)
             ... led by Robin
             ... on level 2 of the Dungeon.
             The game lasted 00:08:08 (2108 turns).

CuBeRJAN3 the Magician (Deep Elf Fire Elementalist) Turns: 2108, Time: 00:08:10

Health: 0/25       AC:  3    Str:  5    XL:     4   Next: 55%
Magic:  3/12       EV: 12    Int: 21    God:
Gold:   51         SH:  0    Dex: 15    Spells: 4/11 levels left

rFire    . . .     SeeInvis .   e - +0 dagger
rCold    . . .     Faith    .   (no shield)
rNeg     . . .     Spirit   .   h - +0 robe {Will+}
rPois    .         Reflect  .   b - +0 helmet
rElec    .         Harm     .   (no cloak)
rCorr    .         Rampage  .   (no gloves)
Will     +....                  (no boots)
Stlth    ++........             (no amulet)
HPRegen  0.08/turn              (no ring)
MPRegen  0.13/turn              (no ring)

@: no status effects
A: no striking features
a: no special abilities


You were on level 2 of the Dungeon.
You visited 1 branch of the dungeon, and saw 2 of its levels.

You collected 51 gold pieces.

Inventory:

Hand Weapons
 e - a +0 dagger (weapon)
Armour
 a - a +0 robe
 b - a +0 helmet (worn)
 h - a +0 robe of willpower (worn)
Scrolls
 c - a scroll of vulnerability {unknown}
 f - a scroll of identify {unknown}
Potions
 d - a potion of heal wounds {unknown}
 g - 2 potions of curing {unknown}


   Skills:
 + Level 1.0 Fighting
 - Level 2.4 Dodging
 + Level 3.4 Stealth
 * Level 4.3 Spellcasting
 + Level 2.1 Conjurations
 + Level 0.8 Hexes
 + Level 0.8 Translocations
 + Level 3.7 Fire Magic


You had 4 spell levels left.
You knew the following spells:

 Your Spells              Type           Power      Damage    Failure   Level
a - Foxfire               Conj/Fire      64%        2x1d7     3%          1
b - Conjure Flame         Conj/Fire      16%        6-21      11%         3
c - Inner Flame           Hex/Fire       14%        N/A       14%         3

Your spell library contained the following spells:

 Spells                   Type           Power      Damage    Failure   Level
 Sticky Flame             Conj/Fire      16%        2d4       34%         4
 Animate Dead             Necr           2%         N/A       75%         4
 Fireball                 Conj/Fire      8%         3d6       67%         5
 Haunt                    Necr/Summ      2%         N/A       100%        7
 Infestation              Necr           2%         N/A       100%        8


Dungeon Overview and Level Annotations

Branches:
Dungeon (2/15)

Altars:

Annotations:
D:2 Robin


Message History

The goblin is severely wounded.
The goblin hits you but does no damage.
The goblin hits you with a +1 dagger of flaming.
The goblin burns you.
You hit the goblin.
You kill the goblin!
The goblin barely misses you.
You hit the goblin.
The goblin is severely wounded.
The goblin barely misses you.
You closely miss the goblin.
The goblin is severely wounded.
The goblin hits you but does no damage. Robin throws the goblin at you!
Things that are here:
a +0 club; a +0 hunting sling; 29 stones You hit the goblin.
The goblin is severely wounded.
The goblin hits you with a +0 dagger. The goblin misses you.
You hit the goblin.
You kill the goblin!
The goblin hits you with a +1 dagger of flaming.
The goblin burns you.
* * * LOW HITPOINT WARNING * * *
Things that are here:
a +0 dagger; a goblin corpse You closely miss the goblin.
The goblin is heavily wounded.
The goblin hits you with a +1 dagger of flaming.
* * * LOW HITPOINT WARNING * * *
The goblin burns you.
* * * LOW HITPOINT WARNING * * *
The goblin no longer looks unusually strong.
You barely miss the goblin.
The goblin is heavily wounded.
Robin says, "My goblins will feast on your bones."
Robin roars a battlecry!
The goblins go into a battle-frenzy!
The goblin hits you with a +1 dagger of flaming.
You die...

.≈≈♣♣≈≈≈≈#.##.####.#.#
≈♣ ♣≈≈≈≈#†##.# #...≈
≈≈♣♣≈≈†≈#.##.# ###♣P
♣♣≈≈†≈≈...##.# ♣≈
♣≈≈≈†≈.......# ♣♣ ≈≈
≈≈≈...#.....## ♣≈
.≈.≈###.#.......## ♣≈
..........(......# ♣≈
######@#....[..##
#g##.....## #g###...##
#.# ##.##
#g###########
#..)g.g...))#
###########.# #)# #g#


You could see Robin, a hobgoblin (strong) and a goblin (strong).

Vanquished Creatures
  Jessica (D:2)
  An adder (D:2)
  3 dart slugs
  5 endoplasms
  3 giant cockroaches
  17 goblins
  A hobgoblin (D:2)
  7 jackals (D:1)
  A kobold (D:1)
  A quokka (D:1)
  5 ball pythons
  6 bats
  3 frilled lizards (D:2)
  5 rats
59 creatures vanquished.

Vanquished Creatures (collateral kills)
  A foxfire (D:1)
1 creature vanquished.

Vanquished Creatures (others)
  120 foxfires
  6 fungi (D:1)
  47 plants
173 creatures vanquished.

Grand Total: 233 creatures vanquished

Notes
Turn   | Place    | Note
-------+----------+-------------------------------------------
     0 | D:1      | CuBeRJAN3 the Deep Elf Fire Elementalist began the quest
                  | for the Orb.
     0 | D:1      | Reached XP level 1. HP: 10/10 MP: 6/6
   354 | D:1      | Reached XP level 2. HP: 8/15 MP: 1/8
  1013 | D:1      | Reached XP level 3. HP: 19/20 MP: 6/10
  1066 | D:1      | Found a faded altar of an unknown god.
  1322 | D:1      | Learned a level 3 spell: Conjure Flame
  1326 | D:1      | Learned a level 3 spell: Inner Flame
  1685 | D:2      | Reached skill level 4 in Spellcasting
  1907 | D:2      | Noticed Jessica
  1912 | D:2      | Killed Jessica
  1913 | D:2      | Reached skill level 1 in Fighting
  1913 | D:2      | Reached XP level 4. HP: 25/25 MP: 6/12
  2060 | D:2      | Noticed Robin
  2108 | D:2      | Slain by a goblin

Illustrated notes

Levels and vault maps discovered:
D:1:      matt_arrival_spirals, layout_loops_corners,
          shapermc_ecumenical_altar_mp_urbaneastern, minmay_pentomino_v2
D:2:      layout_loops_ring, serial_bayou, serial_bayou_lagoon_a,
          serial_bayou_lake_a, serial_bayou_ford_a, serial_bayou_pond_c,
          serial_shops, nicolae_shop_behind_doors, grunt_ministairs_6,
          due_unseen_surprise, uniq_terence, uniq_sigmund, uniq_robin,
          uniq_jessica

Skill      XL: |  1  2  3  4 |
---------------+-------------+-----
Stealth        | 3 |  3.4
Spellcasting   | 4 |  4.3
Fighting       | 1 |  1.0
Conjurations   | 2 |  2.1
Dodging        | |  2.4
Hexes          | |  0.8
Translocations | |  0.8
Fire Magic     | |  3.7

Action                   |  1- 3 |  4- 6 || total
-------------------------+-------+-------++-------
Melee: Dagger            |    30 |    12 ||    42
 Cast: Foxfire           |    72 |    15 ||    87
       Conjure Flame     |       |     2 ||     2
 Stab: Sleeping          |     1 |       ||     1
Armor: Robe              |    17 |    10 ||    27
Dodge: Dodged            |    37 |     6 ||    43
